cohdb
Replays
Latest Replays
All Replays
Popular Replays
Top Player Replays
Match Explorer
How It Works
Community
CoH3 Stats
Reddit
Sign in to upload your games and track your stats! →
Sign in with Steam
Match 45677972
Unlisted
Match 45677972
Overview
Messages
Build Orders
End
Construct Section Command Post
Infantry Section
Dingo Light Scout Car
Royal Engineer Section
Infantry Section
Construct Platoon Command Post
Grenade Package
6-pounder Anti-tank Gun Team
Construct Field Infirmary
Humber Armored Car
Unlock Bishop Self-propelled Artillery
6-pounder Anti-tank Gun Team
Bishop Self-propelled Artillery
Selects Canadian Shock Battlegroup
Selects Attacking Spirit
Selects Canadian Shock Section
Selects Incendiary Munitions
Selects Pyrotechnics
Construct Company Command Post
Vickers Machine Gun Team
Crusader II Medium Tank
Selects Churchill Crocodile Heavy Tank
Royal Engineer Section
Crusader II Medium Tank
Crusader II Medium Tank
Liberator4515
antar_javier
0
0
Comments
sign in to comment!
No comments posted yet!